 Dungeon Crawl Stone Soup version 0.29-a0-271-gd4eb659eea (webtiles) character file.

Game seed: 10650442916585145608

21575 frimble the Thaumaturge (level 13, -8/96 HPs)
             Began as a Djinni Cinder Acolyte on Mar 8, 2022.
             Was an Initiate of Cheibriados.
             Killed from afar by a rime drake (24 damage)
             ... with a flash freeze
             ... on level 2 of the Lair of Beasts.
             The game lasted 00:27:03 (19030 turns).

frimble the Thaumaturge (Djinni Cinder Acolyte)    Turns: 19030, Time: 00:27:04

Health: -8/96      AC: 13    Str: 14    XL:     13   Next: 21%
Gold:   623        EV: 13    Int: 22    God:    Cheibriados [......] SH:  0 Dex: 10

rFire   . . .      SeeInvis .   f - +4 scimitar (flame)
rCold   x . .      Faith    .   (no shield)
rNeg    + . .      Spirit   .   u - +0 steam dragon scales
rPois   ∞          Reflect  .   (no helmet)
rElec   .          Harm     .   i - +1 cloak
rCorr   .          Rampage  .   w - +1 pair of gloves
Will    +....                   (boots unavailable)
Stlth   +.........              j - amulet of regeneration
HPRegen 1.06/turn               h - +4 ring of protection
MPRegen 0.00/turn               o - ring of positive energy

@: flying, studying Crossbows, fire susceptible, very slow
A: sickness immunity, fire resistance 2, cold vulnerability 1, float, innate
caster, HP casting, extra vitality 1
a: Renounce Religion


You were on level 2 of the Lair of Beasts.
You worshipped Cheibriados.
Cheibriados was noncommittal.
You visited 3 branches of the dungeon, and saw 15 of its levels.

You collected 623 gold pieces.

Inventory:

Hand Weapons
 f - a +4 scimitar of flaming (weapon)
 q - a +1 dagger of holy wrath
Armour
 i - a +1 cloak (worn)
 u - +0 steam dragon scales (worn)
 w - a +1 pair of gloves (worn)
Jewellery
 e - an amulet of the acrobat
 h - a +4 ring of protection (left hand)
 j - an amulet of regeneration (around neck)
 o - a ring of positive energy (right hand)
Wands
 n - a wand of polymorph (5)
 z - a wand of paralysis (4)
 A - a wand of charming (6)
 B - a wand of acid (17)
Scrolls
 a - a scroll of enchant weapon
 k - 8 scrolls of teleportation
 l - a scroll of fog
 r - a scroll of brand weapon
 s - a scroll of blinking
 t - a scroll of enchant armour
 y - 2 scrolls of holy word
 C - 2 scrolls of identify
Potions
 b - a potion of cancellation
 c - 2 potions of attraction
 d - 3 potions of might
 g - 2 potions of mutation
 m - 3 potions of curing
 p - a potion of heal wounds {unknown}
 v - 3 potions of invisibility {unknown}
 x - a potion of haste
 D - a potion of berserk rage {unknown}


   Skills:
 - Level 10.1 Fighting
 - Level 10.0(10.4) Short Blades
 + Level 4.4(7.8) Long Blades
 - Level 4.7 Dodging
 - Level 3.4 Unarmed Combat
 + Level 10.2 Spellcasting
 - Level 5.6 Evocations


You had 12 spell levels left.
You knew the following spells:

 Your Spells              Type           Power      Damage    Failure   Level
a - Summon Lightning Spi  Summ/Air       54%        N/A       1%          4
b - Shock                 Conj/Air       100%       1d9       1%          1
c - Searing Ray           Conj           100%       2d8       1%          2
d - Blink                 Tloc           100%       N/A       1%          2
e - Dispel Undead         Necr           54%        3d20      1%          4
f - Scorch                Fire           100%       2d10      1%          2
g - Irradiate             Conj/Tmut      27%        3d23      2%          5
Your spell library was empty.

Dungeon Overview and Level Annotations

Branches:
Dungeon (12/15)            Temple (1/1) D:7            Lair (2/6) D:9
    Orc (0/2) D:10
  Swamp: Lair:2-4    Shoals: Lair:2-4     Snake: Lair:2-4    Spider: Lair:2-4

Altars:
Ashenzari
Cheibriados
Dithmenos
Elyvilon
Fedhas
Gozag
Hepliaklqana
Kikubaaqudgha
Makhleb
Nemelex Xobeh
Okawaru
Qazlal
Ru
Sif Muna
Trog
Uskayaw
Vehumet
Wu Jian
Xom
Yredelemnul
Zin
The Shining One

Shops:
D:1 :   D:12 [

Annotations:
D:10 2 runed translucent doors, pigah's ghost, novice OpAE
D:12 Frances


Innate Abilities, Weirdness & Mutations

You are immune to sickness and miasma.
You are immune to poison.
Your flesh is very heat resistant. (rF++)
You are vulnerable to cold. (rC-)
You float through the air rather than walking.
You learn spells naturally, not from books.
Your magical power is your life essence.
You have superior vitality. (+4 MHP)


Message History

You hit the death yak but do no damage.
The death yak is moderately wounded.
Your lightning spire shoots out a bolt of lightning at the death yak!
The bolt of electricity hits the death yak!
The rime drake bites you. The death yak gores you!!
You barely miss the death yak.
The death yak is heavily wounded.
The rime drake bites you.
The death yak gores you but does no damage.
You hit the death yak but do no damage.
The death yak is moderately wounded.
The ice encasing you melts away.
The rime drake bites you but does no damage.
The death yak gores you.
You hit the death yak. You burn the death yak.
The death yak is heavily wounded.
The rime drake completely misses you. The death yak gores you!
* * * LOW HITPOINT WARNING * * *
Casting: Summon Lightning Spire (mildly dangerous; 1% risk of failure)
Confirm with . or Enter, or press ? or * to list all spells.
You blink.
* * * LOW HITPOINT WARNING * * *
The rime drake bites you but does no damage. x2
The death yak gores you.
* * * LOW HITPOINT WARNING * * *
Casting: Blink (safe; 1% risk of failure)
Confirm with . or Enter, or press ? or * to list all spells.
You blink.
* * * LOW HITPOINT WARNING * * *
The death yak gores your lightning spire!
Casting: Blink (safe; 1% risk of failure)
Confirm with . or Enter, or press ? or * to list all spells.
You blink.
* * * LOW HITPOINT WARNING * * *
Your lightning spire shoots out a bolt of lightning at the death yak!
The bolt of electricity hits the death yak!
The death yak gores your lightning spire!
The rime drake breathes ice at you. The flash freeze hits you!!
You feel a painful chill!
You die...

#####.#.............
#...#.........P)
##P.P.........#. #
#..P.........# P. ##
####.#.......#...
...###P##PPP.#.........PP
..........P..#...... #
.........8...P.###.P.#
?......§Y†k...@.......
.#.#.P.######.PP##.###
#### #####


You could see a death yak (distracted, ally target), a rime drake (catching
breath) and a friendly lightning spire (summoned).

Vanquished Creatures
  Kirke (D:12)
  Erolcha (D:11)
  A two-headed ogre (D:11)
  3 death yaks (D:9)
  Nergalle (D:12)
  A wizard (D:10)
  A cyclops (D:11)
  A torpor snail (Lair:2)
  A gargoyle (D:8)
  A kobold demonologist (D:9)
  3 trolls (D:9)
  2 hornets
  Sigmund (D:2)
  A vampire (D:11)
  A wraith (D:9)
  A shadow (D:11)
  6 yaks
  A steam dragon (D:8)
  Duvessa (D:7)
  3 water moccasins
  2 ice beasts
  3 orc warriors
  4 sky beasts
  A black bear (D:5)
  2 ogres
  A kobold brigand (D:6)
  3 bullfrogs
  A scorpion (D:4)
  11 wights
  Dowan (D:7)
  5 killer bees (D:8)
  6 howler monkeys
  2 gnoll shamans
  7 orc priests
  6 hounds
  4 iguanas
  A hell rat (D:9)
  4 orc wizards
  3 wolf simulacra (D:9)
  13 gnolls
  4 adders
  A river rat (D:9)
  2 shadow imps
  3 worms (D:2)
  A dart slug (D:2)
  42 orcs
  7 ball pythons
  4 endoplasms
  A giant cockroach (D:4)
  6 goblins
  4 hobgoblins
  7 jackals
  10 kobolds
  5 quokkas
  4 bats
  A frilled lizard (D:2)
  7 rats
  A river rat simulacrum (D:9)
222 creatures vanquished.

Vanquished Creatures (collateral kills)
  Josephine (D:10)
  2 two-headed ogres
  Erica (D:11)
  Sonja (D:10)
  An ugly thing (D:12)
  A necromancer (D:9)
  A manticore (D:9)
  Joseph (Lair:1)
  4 cane toads (Lair:1)
  A troll (D:10)
  A hornet (D:10)
  6 yaks
  4 wraiths
  2 basilisks (Lair:1)
  2 hogs (D:12)
  2 water moccasins
  2 orc warriors
  A centaur (D:7)
  3 bullfrogs
  A wight (D:7)
  3 killer bees (D:10)
  A hell rat (D:9)
  2 orc wizards
  2 polar bear simulacra (D:9)
  A wolf simulacrum (D:9)
  A river rat (D:9)
  A white imp (D:7)
  5 orcs
  A river rat simulacrum (D:9)
55 creatures vanquished.

Vanquished Creatures (others)
  14 foxfires
  3 fungi
  5 plants
22 creatures vanquished.

Grand Total: 299 creatures vanquished

Notes
Turn   | Place    | Note
-------+----------+-------------------------------------------
     0 | D:1      | frimble the Djinni Cinder Acolyte began the quest for the
                  | Orb.
     0 | D:1      | Reached XP level 1. HP: 20/20 MP: 0/0
    84 | D:1      | Found Jyaz's Book Boutique.
   295 | D:1      | Reached XP level 2. HP: 23/25 MP: 0/0
  1373 | D:2      | Reached XP level 3. HP: 7/30 MP: 0/0
  1373 | D:2      | Learned a level 1 spell: Shock
  2101 | D:2      | Noticed Sigmund
  2669 | D:2      | Found a faded altar of an unknown god.
  2745 | D:2      | Reached XP level 4. HP: 24/35 MP: 0/0
  3083 | D:2      | Killed Sigmund
  3084 | D:2      | Reached XP level 5. HP: 37/40 MP: 0/0
  3084 | D:2      | Learned a level 2 spell: Searing Ray
  3084 | D:2      | Reached XP level 6. HP: 43/46 MP: 0/0
  3487 | D:3      | Found a shadowy altar of Dithmenos.
  3580 | D:3      | Noticed a sky beast
  3815 | D:3      | Found a faded altar of an unknown god.
  3951 | D:3      | Found a glowing golden altar of the Shining One.
  5187 | D:4      | Reached skill level 1 in Evocations
  5187 | D:4      | Reached XP level 7. HP: 42/50 MP: 0/0
  5187 | D:4      | Learned a level 2 spell: Blink
  5493 | D:3      | Found an ornate altar of the Wu Jian Council.
  5774 | D:5      | Entered Level 5 of the Dungeon
  6480 | D:5      | Reached XP level 8. HP: 35/56 MP: 0/0
  7035 | D:5      | Found a snail-covered altar of Cheibriados.
  7056 | D:5      | Reached skill level 5 in Spellcasting
  7461 | D:5      | Found a bloodstained altar of Trog.
  7567 | D:6      | Reached skill level 5 in Short Blades
  8249 | D:6      | Reached XP level 9. HP: 54/61 MP: 0/0
  8249 | D:6      | Learned a level 4 spell: Dispel Undead
  8335 | D:6      | Noticed a hornet
  8350 | D:6      | Killed a hornet
  8351 | D:6      | Reached skill level 5 in Evocations
  8852 | D:6      | Found a stormy altar of Qazlal.
  9084 | D:7      | Found a staircase to the Ecumenical Temple.
  9247 | D:7      | Reached skill level 1 in Dodging
  9334 | D:7      | Noticed Dowan
  9876 | D:8      | Reached XP level 10. HP: 40/67 MP: 0/0
 11291 | D:8      | Noticed a gargoyle
 11294 | D:8      | Killed a gargoyle
 11713 | D:9      | Noticed a kobold demonologist
 11726 | D:9      | Killed a kobold demonologist
 12249 | D:9      | Noticed a death yak
 12250 | D:9      | Noticed Psyche
 12273 | D:10     | Entered Level 10 of the Dungeon
 12296 | D:10     | Found a runed translucent door.
 12296 | D:10     | Noticed pigah's ghost (novice OpAE)
 12296 | D:10     | Noticed a fire dragon
 12296 | D:10     | Noticed a skeletal warrior
 12297 | D:10     | Noticed a lich
 12297 | D:10     | Noticed a skeletal warrior
 12299 | D:10     | Noticed an ice dragon
 12301 | D:10     | Noticed a necromancer
 12302 | D:10     | Noticed a wizard
 12320 | D:9      | Noticed a death yak
 12324 | D:9      | Noticed a death yak
 12329 | D:9      | Noticed Psyche
 12346 | D:9      | Killed Psyche the sky beast
 12358 | D:9      | Noticed a necromancer
 12401 | D:10     | Killed a wizard
 12402 | D:10     | Reached skill level 5 in Fighting
 12402 | D:10     | Reached XP level 11. HP: 46/76 MP: 0/0
 12402 | D:10     | Learned a level 4 spell: Summon Lightning Spire
 13073 | D:10     | Noticed Sonja
 13075 | D:10     | Noticed Josephine
 13096 | D:10     | Killed Josephine
 13100 | D:10     | Killed Sonja
 13302 | D:10     | Found a staircase to the Orcish Mines.
 13309 | D:10     | Noticed a two-headed ogre
 13315 | D:10     | Killed a two-headed ogre
 13544 | D:10     | Found a runed translucent door.
 14378 | D:9      | Killed a necromancer
 14965 | D:9      | Found a staircase to the Lair.
 14975 | Lair:1   | Entered Level 1 of the Lair of Beasts
 15544 | Lair:1   | Reached XP level 12. HP: 52/85 MP: 0/0
 16061 | Lair:1   | Noticed Joseph
 16101 | Lair:1   | Killed Joseph
 16361 | Lair:1   | Reached skill level 10 in Short Blades
 16479 | D:9      | Killed a death yak
 16774 | D:9      | Killed a death yak
 16782 | D:9      | Killed a death yak
 16918 | D:11     | Noticed Erica
 16924 | D:11     | Killed Erica
 16972 | D:11     | Noticed Erolcha
 17137 | D:12     | Noticed Frances
 17155 | D:11     | Killed Erolcha
 17156 | D:11     | Reached skill level 1 in Long Blades
 17426 | D:11     | Noticed a two-headed ogre
 17629 | D:11     | Killed a two-headed ogre
 17786 | D:12     | Found Jameu's Antique Armour Boutique.
 17813 | D:12     | Noticed Nergalle
 17833 | D:12     | Killed Nergalle
 17855 | D:12     | Noticed Kirke
 17874 | D:12     | Killed Kirke
 17875 | D:12     | Reached skill level 10 in Spellcasting
 17875 | D:12     | Reached XP level 13. HP: 96/96 MP: 0/0
 17875 | D:12     | Learned a level 5 spell: Irradiate
 18005 | D:7      | Killed Dowan
 18016 | D:7      | Noticed Duvessa
 18027 | D:7      | Killed Duvessa
 18134 | D:7      | Reached skill level 10 in Fighting
 18139 | D:7      | HP: 1/96 [two-headed ogre/+0 giant club (23)]
 18601 | Temple   | Entered the Ecumenical Temple
 18803 | D:5      | Fell from the grace of Ignis
 18803 | D:5      | Became a worshipper of Cheibriados the Contemplative
 19030 | Lair:2   | Killed from afar by a rime drake

Illustrated notes

Levels and vault maps discovered:
D:1:      elethiomel_arrival_quiet, layout_loops_ring, serial_shops,
          nicolae_shop_behind_doors
D:2:      layout_loops_ring, basic_altar,
          hellmonk_ecumenical_altar_heavens_door, fountainhead,
          minmay_misc_feat_diagonals, uniq_sigmund
D:3:      layout_loops_corners, nicolae_overflow_ecumenical_swirl,
          mainiacjoe_overflow_tiny_flanked, mainiacjoe_overflow_paths,
          lightli_corner_chamber
D:4:      layout_cave_pools
D:5:      layout_loops_ring, trog_book, cheibriados_altar_1
D:6:      layout_gridville, grunt_qazlal_clouds
D:7:      layout_rooms, minmay_temple_entry_crystal_x, minmay_manual_moon,
          uniq_duvessa
D:8:      layout_basic
D:9:      layout_long_grid, dpeg_lair_monsters, nrook_campfire,
          eino_house_with_fridge, uniq_psyche
D:10:     layout_loops_ring, orc_0_dummy, muffindrake_ghost_dual_entry,
          kennysheep_another_room, uniq_sonja, uniq_josephine
D:11:     layout_long_grid, uniq_erolcha, uniq_erica
D:12:     layout_loops_cross, serial_shops, shop, minmay_misc_feat_enclosed,
          uniq_kirke, uniq_nergalle, uniq_frances
Temple:   regret_index_temple_sphere_string
Lair:1:   layout_loops_ring, grunt_megastairs_3, serial_bayou_shore_b,
          uniq_joseph
Lair:2:   layout_chaotic_city, minmay_shoals_entry_lonely_mermaid,
          nicolae_volcano_entry_hallway

Skill      XL: |  1  2  3  4  5  6  7  8  9 10 11 12 13 |
---------------+----------------------------------------+-----
Short Blades   | 2 3 4 5 6 8 9 10 | 10.0
Spellcasting   | 3 4 5 6 7 8 10 | 10.2
Evocations     | 1 2 4 5 |  5.6
Dodging        | 3 4 |  4.7
Fighting       | 5 7 9 10 | 10.1
Long Blades    | 3 4 |  4.4
Unarmed Combat | |  3.4

Action                   |  1- 3 |  4- 6 |  7- 9 | 10-12 | 13-15 || total
-------------------------+-------+-------+-------+-------+-------++-------
Melee: Dagger            |    90 |    85 |   183 |   324 |       ||   682
       Unarmed           |    10 |       |       |       |       ||    10
       Punch             |     3 |     5 |     7 |    10 |     1 ||    26
       Scimitar          |       |       |       |    62 |    61 ||   123
 Cast: Scorch            |    23 |    19 |    51 |    62 |       ||   155
       Searing Ray       |       |     2 |    36 |    16 |       ||    54
       Shock             |       |     1 |       |     4 |       ||     5
       Summon Lightning  |       |       |       |    55 |     5 ||    60
       Blink             |       |       |       |     5 |     5 ||    10
       Irradiate         |       |       |       |       |     2 ||     2
Invok: Fiery Armour      |       |       |       |     4 |       ||     4
       Foxfire Swarm     |       |       |       |     2 |       ||     2
Evoke: Wand              |       |       |     4 |     6 |     2 ||    12
  Use: Scroll            |     2 |     3 |     8 |     6 |     1 ||    20
       Potion            |       |       |       |     2 |       ||     2
 Stab: Distracted        |       |       |       |     2 |       ||     2
Armor: Robe              |    23 |    35 |   113 |    17 |       ||   188
       Steam dragon scal |       |       |       |   123 |    26 ||   149
       Skin              |       |       |       |     2 |       ||     2
Dodge: Dodged            |    89 |    47 |   144 |   227 |    33 ||   540

Table legend: (Time is in decaauts)
 A = Elapsed time spent in this place.
 B = Non-inter-level travel time spent in this place.
 C = Inter-level travel time spent in this place.
 D = Time resting spent in this place.
 E = Time spent auto-exploring this place.
 F = Levels seen in this place.
 G = Mean time per level.
                   A        B        C        D        E       F      G
               +--------+--------+--------+--------+--------+-----+--------+
         Total |  18885 |  18126 |    759 |   1344 |  13983 |  15 | 1259.0 |
       Dungeon |  17167 |  16550 |    617 |   1312 |  12747 |  12 | 1430.6 |
        Temple |    148 |    140 |      8 |      0 |    128 |   1 |  148.0 |
          Lair |   1568 |   1435 |    133 |     32 |   1108 |   2 |  784.0 |
               +--------+--------+--------+--------+--------+-----+--------+

Top non-repeatable levels by time:
     D:8: 2694 daAuts
     D:5: 2097 daAuts
     D:9: 1879 daAuts
     D:2: 1814 daAuts
    D:10: 1637 daAuts
     D:1: 1495 daAuts
  Lair:1: 1427 daAuts
     D:6: 1343 daAuts
     D:3: 1310 daAuts
     D:4: 1134 daAuts
     D:7: 820 daAuts
    D:11: 780 daAuts
    D:12: 159 daAuts
  Temple: 148 daAuts
  Lair:2: 141 daAuts
